 Dungeon Crawl Stone Soup version 0.27-b1-42-g19c61b19a5 (webtiles) character file.

Game seed: 17172769206541727525

14 Urokeeper the Sneak (level 2, 0/22 HPs)
             Began as a Vampire Brigand on July 29, 2021.
             Frozen to death by an endoplasm (2 damage)
             ... on level 1 of the Dungeon.
             The game lasted 00:00:47 (388 turns).

Urokeeper the Sneak (Vampire Brigand)                Turns: 388, Time: 00:00:48

Health: 0/22       AC:  3    Str: 10    XL:     2   Next: 31%
Magic:  2/2        EV: 12    Int: 13    God:
Gold:   24         SH:  0    Dex: 15    Spells: 1/1 levels left

rFire    . . .     SeeInvis +   a - +2 dagger
rCold    . . .     Faith    .   (no shield)
rNeg     . . .     Spirit   .   b - +0 robe
rPois    .         Reflect  .   (no helmet)
rElec    .         Harm     .   c - +0 cloak
rCorr    .         Rampage  .   (no gloves)
Will     .....                  (no boots)
Stlth    +++.......             (no amulet)
HPRegen  0.27/turn              (no ring)
MPRegen  0.08/turn              (no ring)

@: healing quickly
A: alive, fangs 3, see invisible, vampiric 1
a: Exsanguinate


You were on level 1 of the Dungeon.
You visited 1 branch of the dungeon, and saw 1 of its levels.

You collected 24 gold pieces.

Inventory:

Hand Weapons
 a - a +2 dagger (weapon)
Missiles
 d - 8 poisoned darts (quivered)
 e - 2 curare-tipped darts
Armour
 b - a +0 robe (worn)
 c - a +0 cloak (worn)
Scrolls
 g - a scroll of teleportation {unknown}
Potions
 f - 2 potions of curing {unknown}
 h - 2 potions of might {unknown}


   Skills:
 + Level 1.8 Fighting
 + Level 2.1 Short Blades
 + Level 1.7 Throwing
 + Level 1.1 Dodging
 + Level 6.7 Stealth


You had one spell level left.
You didn't know any spells.
Your spell library was empty.

Dungeon Overview and Level Annotations

Branches:
Dungeon (1/15)

Altars:


Innate Abilities, Weirdness & Mutations

Your natural rate of healing is accelerated.
You have razor-sharp teeth.
You have supernaturally acute eyesight. (SInv)
You are afflicted with vampirism.


Message History

You hit the giant cockroach. Your bite misses the giant cockroach.
The giant cockroach is severely wounded.
An endoplasm comes into view.
The giant cockroach barely misses you.
You closely miss the giant cockroach.
The giant cockroach is severely wounded.
The giant cockroach misses you.
The endoplasm quivers.
You hit the giant cockroach but do no damage.
The giant cockroach is heavily wounded.
The giant cockroach barely misses you.
You hit the giant cockroach but do no damage.
The giant cockroach is heavily wounded.
The giant cockroach bites you but does no damage.
You closely miss the giant cockroach.
The giant cockroach is heavily wounded.
The endoplasm freezes you.
You are frozen.
The giant cockroach misses you.
You hit the giant cockroach but do no damage.
The giant cockroach is heavily wounded.
The endoplasm freezes you.
You are frozen.
The giant cockroach misses you.
You are too injured to fight recklessly!
You are too injured to fight recklessly!
You are too injured to fight recklessly!
You are too injured to fight recklessly!
You are too injured to fight recklessly!
You are too injured to fight recklessly!
You are too injured to fight recklessly!
You are too injured to fight recklessly!
You hit the giant cockroach but do no damage.
The giant cockroach is heavily wounded.
The giant cockroach bites you. The endoplasm freezes you.
You are frozen.
* * * LOW HITPOINT WARNING * * *
The giant cockroach misses you. The endoplasm freezes you.
You are frozen.
You die...

.. .. #. ###.# #.
....# #. #.#[# #.
#...# .## #. #
#J#)#..... #. ...
#.@.....#### #.
#..#B#####....> #.
#.........# #.
####.#....# #.
###.#....# #.
........[.# #.
####.##...###### #.
....#......... #.
##..##..###########.


You could see an endoplasm and a giant cockroach.

Vanquished Creatures
  3 bats (D:1)
  2 endoplasms (D:1)
  2 goblins (D:1)
  2 hobgoblins (D:1)
  A kobold (D:1)
  2 rats (D:1)
12 creatures vanquished.

Notes
Turn   | Place    | Note
-------+----------+-------------------------------------------
     0 | D:1      | Urokeeper the Vampire Brigand began the quest for the Orb.
     0 | D:1      | Reached XP level 1. HP: 16/16 MP: 1/1
    97 | D:1      | Reached skill level 6 in Stealth
   147 | D:1      | Found a faded altar of an unknown god.
   326 | D:1      | Reached XP level 2. HP: 22/22 MP: 2/2
   388 | D:1      | Frozen to death by an endoplasm

Illustrated notes

Levels and vault maps discovered:
D:1:      elethiomel_arrival_infinity_welcomes_careful_drivers, layout_basic,
          chequers_ecumenical_altar_simple, minmay_pentomino_o4

Skill      XL: |  1 |
---------------+----+-----
Stealth        | 6 |  6.7
Fighting       | |  1.8
Short Blades   | |  2.1
Throwing       | |  1.7
Dodging        | |  1.1

Action                   || total
-------------------------++-------
Melee: Dagger            ||    41
       Bite              ||     2
 Stab: Sleeping          ||     3
Armor: Robe              ||    10
Dodge: Dodged            ||    23
